 Dungeon Crawl Stone Soup version 0.30.1-3-gfc49f6343a (webtiles) character file.

Game seed: 6170756009052481416

95 Wiggles the Chopper (level 4, -2/40 HPs)
             Began as a Minotaur Berserker on July 28, 2023.
             Was a Believer of Trog.
             Killed from afar by an orc wizard (11 damage)
             ... with a puff of flame
             ... on level 3 of the Dungeon.
             The game lasted 00:03:29 (1601 turns).

Wiggles the Chopper (Minotaur Berserker)            Turns: 1601, Time: 00:03:29

Health: -2/40      AC:  5    Str: 23    XL:     4   Next: 40%
Magic:  3/3        EV: 11    Int:  4    God:    Trog [**....]
Gold:   63         SH:  0    Dex: 10    Spells: 3/3 levels left

rFire   . . .        a - +0 hand axe
rCold   . . .        (no shield)
rNeg    . . .        d - +0 ring mail
rPois   .            (helmet restricted)
rElec   .            (no cloak)
rCorr   .            (no gloves)
SInv    .            (no boots)
Will    .....        (no amulet) Stlth
                     c - ring of flight
HPRegen 0.26/turn    (no ring)
MPRegen 0.08/turn

%: no passive effects
@: flying
A: horns 2, retaliatory headbutt
a: Renounce Religion, Berserk, Trog's Hand


You were on level 3 of the Dungeon.
You worshipped Trog.
Trog was pleased with you.
You visited 1 branch of the dungeon, and saw 3 of its levels.

You collected 63 gold pieces.

Inventory:

Hand Weapons
 a - a +0 hand axe (weapon)
Missiles
 o - a boomerang (quivered)
Armour
 d - a +0 ring mail (worn)
Jewellery
 c - a ring of flight (left hand)
Scrolls
 b - 2 scrolls of identify {unknown}
 j - 2 scrolls of silence {unknown}
 k - 3 scrolls of teleportation {unknown}
 p - a scroll of blinking {unknown}
Potions
 e - a potion of curing {unknown}
 f - 2 potions of heal wounds {unknown}
 g - a potion of resistance {unknown}
 h - a potion of invisibility {unknown}
 i - a potion of lignification {unknown}
 l - a potion of attraction {unknown}
 m - 2 potions of berserk rage {unknown}
 n - a potion of mutation {unknown}


   Skills:
 - Level 4.2 Fighting
 + Level 5.4 Axes
 - Level 2.8 Armour
 - Level 2.7 Dodging
 - Level 0.1 Stealth


You had 3 spell levels left.
You didn't know any spells.
Your spell library was empty.

Dungeon Overview and Level Annotations

Branches:
Dungeon (3/15)

Altars:
Cheibriados
Hepliaklqana

Shops:
D:2 [   D:3 [


Innate Abilities, Weirdness & Mutations

You have a pair of horns on your head.
You reflexively headbutt those who attack you in melee.


Message History

You closely miss the orc wizard. Your headbutt misses the orc wizard.
The orc wizard hits you but does no damage.
You hit the orc wizard.
The orc wizard is moderately wounded.
You hit the orc wizard.
The orc wizard is severely wounded.
The orc wizard gestures wildly while chanting.
The orc wizard flickers and vanishes!
Deactivating autopickup; reactivate with Ctrl-A.
The orc wizard hits you but does no damage.
You slash the orc wizard!
You kill the orc wizard!
Trog accepts your kill.
Trog appreciates your killing of a magic user.
You hear some strange, mumbled words.
Something tries to affect you, but you resist.
Something hits you but does no damage.
Items here: ( )) [ ††.
You closely miss something. Something hits you but does no damage.
You completely miss something. Your punch misses something. Something hits you.
You miss something. Something hits you but does no damage.
You miss something.
You hear some strange, mumbled words.
A puff of flame appears from out of thin air!
The puff of flame hits you!
You hit something but do no damage. Something hits you.
You hit something. Your headbutt misses something.
Something hits you but does no damage.
You miss something. Something hits you but does no damage.
You completely miss something. Your headbutt misses something.
Something hits you.
You closely miss something. Something hits you.
* * * LOW HITPOINT WARNING * * *
You barely miss something. Your headbutt misses something. Something hits you.
* * * LOW HITPOINT WARNING * * *
You miss something.
You hear some strange, mumbled words.
A puff of flame appears from out of thin air!
The puff of flame hits you!
You die...

## #### ### #######
#{#.#.# #.# #.#.#.#
#@#.#.#.#.#.#.#.#.
##.###.###.###.###
#.#.#.#.#.#.#.#.#.
#.#.#.#.#.#.#.#.#.#
###################
#.......# #.......#


There were no monsters in sight!

Vanquished Creatures
  An orc wizard (D:3)
  An adder (D:2)
  A worm (D:2)
  A dart slug (D:2)
  2 orcs (D:3)
  5 ball pythons
  5 endoplasms
  2 giant cockroaches
  6 goblins
  8 hobgoblins
  A quokka (D:1)
  5 bats
  3 frilled lizards
  6 kobolds
  6 rats
53 creatures vanquished.

Notes
Turn   | Place    | Note
-------+----------+-------------------------------------------
     0 | D:1      | Wiggles the Minotaur Berserker began the quest for the Orb.
     0 | D:1      | Reached XP level 1. HP: 19/19 MP: 0/0
   138 | D:1      | Reached skill level 4 in Axes
   138 | D:1      | Reached XP level 2. HP: 27/27 MP: 1/1
   574 | D:1      | Reached XP level 3. HP: 32/33 MP: 2/2
   717 | D:2      | Found Depezour's Antique Armour Emporium.
   719 | D:2      | Reached ** piety under Trog
   857 | D:2      | Found a faded altar of an unknown god.
  1247 | D:3      | Found a snail-covered altar of Cheibriados.
  1276 | D:3      | Found a hazy altar of Hepliaklqana.
  1339 | D:3      | Found Ziph's Armour Shoppe.
  1437 | D:3      | Reached XP level 4. HP: 40/40 MP: 3/3
  1579 | D:3      | Reached skill level 5 in Axes
  1601 | D:3      | Killed from afar by an orc wizard

Illustrated notes

Levels and vault maps discovered:
D:1:      dpeg_arrival_leaves_temple_mockup, layout_loops_ring
D:2:      layout_basic, hellmonk_ecumenical_altar_lost_god, serial_shops,
          nicolae_diamond_shop
D:3:      layout_rooms, mainiacjoe_overflow_catch_the_wave, serial_curves,
          eino_curves_03, eino_curves_03, serial_shops, nicolae_shop_crystal,
          roderic_roman_lattice

Skill      XL: |  1  2  3  4 |
---------------+-------------+-----
Axes           | 4 5 |  5.4
Fighting       | 4 |  4.2
Armour         | |  2.8
Dodging        | |  2.7
Stealth        | |  0.1

Action                     |  1- 3 |  4- 6 || total
---------------------------+-------+-------++-------
  Melee: Hand axe          |   102 |    18 ||   120
         Headbutt          |    10 |     2 ||    12
         Punch             |     1 |       ||     1
 Armour: Animal skin       |     2 |       ||     2
         Ring mail         |    29 |     8 ||    37
  Dodge: Dodged            |    59 |     1 ||    60
